 Dungeon Crawl Stone Soup version 0.25.0-9-g26727b6 (webtiles) character file.

Game seed: 7182005441490995723

140 Ousak the Chiller (level 5, -6/39 HPs)
             Began as a Draconian Ice Elementalist on June 18, 2020.
             Mangled by an ogre
             ... wielding a +0 giant spiked club
              (19 damage)
             ... on level 4 of the Dungeon.
             The game lasted 00:05:03 (3853 turns).

Ousak the Chiller (Draconian Ice Elementalist)      Turns: 3853, Time: 00:05:03

Health: -6/39      AC:  6    Str: 11    XL:     5   Next: 2%
Magic:  6/10       EV: 12    Int: 16    God:
Gold:   181        SH:  0    Dex: 11    Spells: 7/11 levels left

rFire    . . .     SeeInvis .   p - +2 short sword (drain)
rCold    . . .     Gourm    .   (no shield)
rNeg     . . .     Faith    .   (armour unavailable)
rPois    .         Spirit   .   (helmet restricted)
rElec    .         Reflect  .   q - +0 cloak
rCorr    .         Harm     .   (no gloves)
MR       .....                  (no boots)
Stlth    ++........             (no amulet)
HPRegen  0.13/turn              (no ring)
MPRegen  0.12/turn              (no ring)

@: frozen ramparts
A: unfitting armour, cold-blooded, AC +5
a: no special abilities


You were on level 4 of the Dungeon.
You were hungry.

You visited 1 branch of the dungeon, and saw 4 of its levels.

You collected 181 gold pieces.

Inventory:

Hand Weapons
 p - a +2 short sword of draining (weapon)
 t - a +2 rapier of speed
Armour
 q - a +0 cloak (worn)
 s - a +2 kite shield
Scrolls
 a - 2 scrolls of remove curse {unknown}
 c - 5 scrolls of identify {unknown}
 f - a scroll of magic mapping {unknown}
 h - a scroll of fog {unknown}
 j - a scroll of immolation {unknown}
 l - a scroll of noise {unknown}
 n - a scroll of teleportation {unknown}
 o - a scroll of random uselessness {unknown}
 r - 2 scrolls of fear {unknown}
Potions
 d - a potion of mutation {unknown}
 e - a potion of stabbing {unknown}
 g - a potion of haste {unknown}
 i - 2 potions of heal wounds {unknown}
 k - 2 potions of degeneration {unknown}
 m - a potion of cancellation {unknown}
Comestibles
 b - 8 rations


   Skills:
 + Level 0.9 Fighting
 - Level 1.7 Dodging
 - Level 1.7 Stealth
 + Level 3.5 Spellcasting
 + Level 5.2 Ice Magic


You had 7 spell levels left.
You knew the following spells:

 Your Spells              Type           Power        Failure   Level  Hunger
a - Freeze                Ice            ###.         1%          1    None
b - Frozen Ramparts       Ice            ###...       6%          3    ###....

Your spell library contained the following spells:

 Spells                   Type           Power        Failure   Level  Hunger
 Ozocubu's Armour         Chrm/Ice       ##......     19%         3    ###....
 Hailstorm                Conj/Ice       ##......     52%         4    ####...
 Summon Ice Beast         Ice/Summ       ##......     52%         4    ####...


Dungeon Overview and Level Annotations

Branches:
Dungeon (4/15)
 Temple: D:4-7

Altars:
Uskayaw


Innate Abilities, Weirdness & Mutations

Your plain brown scales are hard. (AC +5)
You cannot fit into any form of body armour.
You are cold-blooded and may be slowed by cold attacks.


Message History

Casting: Frozen Ramparts (dangerous; 6% risk of failure)
Confirm with . or Enter, or press ? or * to list all spells.
The walls around you are covered in ice.
The wall freezes the ogre.
The wall freezes the ogre.
The ogre hits you with a +0 giant spiked club!
The wall freezes the ogre.
The wall freezes the ogre.
The wall freezes the ogre.
The wall freezes the ogre.
The frozen ramparts melt away.
Casting: Frozen Ramparts (dangerous; 6% risk of failure)
Confirm with . or Enter, or press ? or * to list all spells.
The walls around you are covered in ice.
You are feeling hungry.
The wall freezes the ogre.
The ogre hits you with a +0 giant spiked club!
The wall freezes the ogre.
The ogre hits you with a +0 giant spiked club!!
You die...

#.###.... #.#.# #. #..##..#
#.#.###. .......# #.#.#...
#################..#.###.#[#.#.#.
...............#.........#.#.#.#O
##############.#.#.#.#####.#.#.#.
#.#.#.........#...#.
#.#O#...........###.
#.#@#...#####.....#.
#)#.#.........#.#.#.
#.#.#<#.......#.#.#.
#.#.#.........#.#.#.
#.#.#.......#÷#.#.#
#.#.#.....#.#÷..#.#
#.#...#...#.#.....#
#.###.##..#.#.###.#
#.....##..#.#######


You could see an ogre.

Vanquished Creatures
  A hound skeleton (D:4)
  Robin (D:3)
  3 adders
  An ooze (D:1)
  A worm (D:3)
  2 dart slugs (D:1)
  2 leopard geckos (D:3)
  3 orcs
  6 bats
  5 giant cockroaches
  14 goblins
  5 hobgoblins
  4 jackals (D:4)
  8 kobolds
  A quokka (D:2)
  2 ball pythons (D:2)
  3 frilled lizards
  8 rats
70 creatures vanquished.

Notes
Turn   | Place    | Note
-------+----------+-------------------------------------------
     0 | D:1      | Ousak the Draconian Ice Elementalist began the quest for
                  | the Orb.
     0 | D:1      | Reached XP level 1. HP: 14/14 MP: 3/3
   171 | D:1      | Reached XP level 2. HP: 9/22 MP: 0/5
   899 | D:1      | Reached XP level 3. HP: 27/27 MP: 3/6
  1561 | D:2      | You fall into a shaft and drop 2 floors!
  1581 | D:4      | Learned a level 3 spell: Frozen Ramparts
  1745 | D:4      | Reached skill level 5 in Ice Magic
  1745 | D:4      | Reached XP level 4. HP: 27/34 MP: 5/8
  2999 | D:3      | Noticed Robin
  3017 | D:3      | Killed Robin
  3401 | D:3      | Reached XP level 5. HP: 39/39 MP: 10/10
  3422 | D:3      | Found a hide-covered altar of Uskayaw.
  3820 | D:4      | Noticed an ogre
  3853 | D:4      | Mangled by an ogre

Illustrated notes

Levels and vault maps discovered:
D:1:      dpeg_arrival_pits, layout_basic
D:2:      layout_basic, first_ration
D:3:      layout_loops_cross, eat_drink_and_be_merry_uskayaw,
          serial_bayou_pond_a, kennysheep_generic_room_3, uniq_robin
D:4:      layout_basic

Skill      XL: |  1  2  3  4 |
---------------+-------------+-----
Ice Magic      | 5 |  5.2
Spellcasting   | 3 |  3.5
Fighting       | |  0.9
Dodging        | |  1.7
Stealth        | |  1.7

Action                   |  1- 3 |  4- 6 || total
-------------------------+-------+-------++-------
Melee: Unarmed           |    54 |    25 ||    79
       Tailslap          |     3 |     1 ||     4
       Short sword       |       |    40 ||    40
 Cast: Freeze            |    50 |    11 ||    61
       Frozen Ramparts   |     1 |     7 ||     8
 Stab: Sleeping          |       |     1 ||     1
  Eat: Chunk             |     3 |     7 ||    10
Armor: Skin              |    32 |    27 ||    59
Dodge: Dodged            |    61 |    59 ||   120
Block: Kite shield       |       |     1 ||     1
